 Dungeon Crawl Stone Soup version 0.17.0-22-g5edae84 (console) character file.

4 gw the Covered (level 1, 0/20 HPs)
             Began as a Minotaur Fighter on Nov 12, 2015.
             Slain by a jackal (1 damage)
             ... on level 1 of the Dungeon.
             The game lasted 00:00:07 (34 turns).

gw the Covered (Minotaur Fighter)                     Turns: 34, Time: 00:00:07

Health: 0/20       AC:  7    Str: 25    XL:     1   Next: 58%
Magic:  0/0        EV:  7    Int:  5    God:
Gold:   0          SH:  9    Dex:  9    Spells: 0 memorised, 0 levels left

rFire  . . .     SeeInvis .     a - +0 flail
rCold  . . .     Clarity  .     b - +0 scale mail
rNeg   . . .     SustAt   .     c - +0 shield
rPois  .         Gourm    .     (helmet restricted)
rElec  .         Spirit   .     (no cloak)
rCorr  .         Warding  .     (no gloves)
rMut   .         Stasis   .     (no boots)
MR     .....                    (no amulet)
Stlth  ..........               (no ring)
                                (no ring)

@: mighty, not resistant to hostile enchantments, extremely unstealthy
A: retaliatory headbutt, horns 2
a: no special abilities


You were on level 1 of the Dungeon.
You were not hungry.

You visited 1 branch of the dungeon, and saw 1 of its levels.

Inventory:

Hand Weapons
 a - a +0 flail (weapon)
Armour
 b - a +0 scale mail (worn)
 c - a +0 shield (worn)
Comestibles
 e - a bread ration


   Skills:
 + Level 3.7 Fighting
 * Level 2.6 Maces & Flails
 + Level 0.0 Throwing
 + Level 3.8 Armour
 + Level 3.7 Shields


You couldn't memorise any spells.
You didn't know any spells.

Dungeon Overview and Level Annotations

Branches:
Dungeon (1/15)

Altars:


Innate Abilities, Weirdness & Mutations

You reflexively headbutt those who attack you in melee.
You have a pair of horns on your head.


Message History

ATTACKING (0,1)
You barely miss the hobgoblin. The bat hits you but does no damage.
You block the hobgoblin's attack.
Unknown command.
Unknown command.
Unknown command.
Unknown command.
ATTACKING (0,1)
You sock the hobgoblin!
You kill the hobgoblin!
You block the bat's attack. The bat hits you.
The jackal bites you but does no damage.
Unknown command.
Unknown command.
Unknown command.
Unknown command.
ATTACKING (0,1)
You barely miss the jackal. The bat hits you but does no damage.
The jackal bites you.
You die...

...................#
.........#########.#
..................#
............(.....#
#..#.......<.....#
##.......?.....#
#..............#
#b#..#########.#
#H##.............
#h##..#..........#
sr...............#
#.###...#.........#
#l ##.#.........# ..
#.########### .. ...


You could see a giant gecko, a jackal, a giant cockroach, a bat and a rat.

Table legend:
 A = Turns spent in this place as a percentage of turns spent in the entire game.
 B = Non-inter-level travel turns spent in this place as a percentage of non-inter-level travel turns spent in the entire game.
 C = Inter-level travel turns spent in this place as a percentage of turns spent in this place.
 D = Turns resting spent in this place as a percentage of non-inter-level travel turns spent in this place.
 E = Turns spent auto-exploring this place as a percentage of non-inter-level travel turns spent in this place.
 F = Non-inter-level travel turns spent in this place divided by the number of levels of this place that you've seen.
                   A       B       C       D       E      F
               +-------+-------+-------+-------+-------+----------------------
         Total | 100.0 | 100.0 |   0.0 |   0.0 |   0.6 | 160.0
       Dungeon | 100.0 | 100.0 |   0.0 |   0.0 |   0.6 | 160.0
               +-------+-------+-------+-------+-------+----------------------

Table legend:
 A = Kills in this place as a percentage of kills in entire the game.
 B = Kills by you in this place as a percentage of kills by you in the entire game.
 C = Kills by friends in this place as a percentage of kills by friends in the entire game.
 D = Other kills in this place as a percentage of other kills in the entire game.
 E = Experience gained in this place as a percentage of experience gained in the entire game.
 F = Experience gained in this place divided by the number of levels of this place that you have seen.
                   A       B       C       D       E      F
               +-------+-------+-------+-------+-------+----------------------
         Total | 100.0 | 100.0 |  -nan |  -nan | 100.0 |   7.0
       Dungeon | 100.0 | 100.0 |  -nan |  -nan | 100.0 |   7.0
               +-------+-------+-------+-------+-------+----------------------

Vanquished Creatures
  A hobgoblin (D:1)
  A bat (D:1)
  A jackal (D:1)
  2 kobolds (D:1)
5 creatures vanquished.

Notes
Turn   | Place    | Note
--------------------------------------------------------------
     0 | D:1      | gw the Minotaur Fighter began the quest for the Orb.
     0 | D:1      | Reached XP level 1. HP: 19/19 MP: 0/0
    33 | D:1      | HP: 1/20 [bat (1)]
    34 | D:1      | Slain by a jackal

Action                   || total
-------------------------++-------
Melee: Flail             ||    17
  Use: Potion            ||     1

Vault maps used:
D:1:      minmay_arrival_semitransparent
